Cogmind - Beta 14 @@@ ROGUE MODE // 2024.09.11 @ 02:35:28 Player: Null_error Result: Destroyed by S-10 Pest with Light Assault Rifle Performance ------------- Evolutions (0) 0 Regions Visited (1) 200 Robots Destroyed (8) 40 Value Destroyed (181) 181 Prototype IDs (0) 0 Alien Tech Used (0) 0 Bonus (0) 0 TOTAL SCORE: 421 Bonus ------- None Cogmind --------- Core Integrity 0/250 Matter 300/300 Energy 250/250 System Corruption 0% Temperature Cool (63) Movement Walking (190) Ox1 Location -10/Materials Parts ------- > --- POWER (1) -------- Ion Engine > --- PROPULSION (2) --- Aluminum Leg > --- UTILITY (2) ------ Small Storage Unit > --- WEAPON (2) ------- Particle Gun > --- INVENTORY (8) ---- Ion Engine Light Ion Engine Aluminum Leg Aluminum Leg Aluminum Leg Aluminum Leg Huge Storage Unit Peak State ------------ > --- POWER ------------ Light Ion Engine > --- PROPULSION ------- Wheel Compact Wheel > --- UTILITY ---------- Small Storage Unit Tractor Beam > --- WEAPON ----------- Small Laser Light Assault Rifle > --- INVENTORY -------- Ion Engine Light Ion Engine Aluminum Leg Aluminum Leg EM Pulse Gun [Rating: 7] Favorites ----------- Power Light Ion Engine Engine Light Ion Engine Propulsion Compact Wheel Leg Aluminum Leg Wheel Compact Wheel Utility Small Storage Unit Device Seismic Detector Storage Small Storage Unit Weapon Small Laser Energy Gun Small Laser Ballistic Gun Light Assault Rifle Build | -11 -10 ------- Run | Yrd Mat Slots Evolved . | . . Power . | . . Propulsion . | . . Utility . | . . Weapon . | . . Parts Attached 17 | 8 9 Power 2 | 1 1 Engine 2 | 1 1 Core . | . . Reactor . | . . Propulsion 5 | 2 3 Treads . | . . Leg 3 | . 3 Wheel 2 | 2 . Hover . | . . Flight . | . . Utility 5 | 3 2 Device 2 | 2 . Storage 3 | 1 2 Processor . | . . Hackware . | . . Protection . | . . Artifact . | . . Weapon 5 | 2 3 Energy Gun 4 | 1 3 Energy Cannon . | . . Ballistic Gun 1 | 1 . Ballistic Cannon . | . . Launcher . | . . Special Weapon . | . . Impact Weapon . | . . Slashing Weapon . | . . Piercing Weapon . | . . Special Melee Weapon . | . . Unidentified Prototypes . | . . Parts Lost 8 | . 8 Power 1 | . 1 Propulsion 2 | . 2 Utility 1 | . 1 Weapon 4 | . 4 Highest Loss Streak 6 | . 6 To Critical Strikes . | . . Average Slot Usage (%) 88 | . 88 Engine 10 | . 10 Leg 2 | . 2 Wheel 24 | . 24 Device 8 | . 8 Storage 14 | . 14 Energy Gun 17 | . 17 Ballistic Gun 8 | . 8 Peak Build Rating 7 | 7 7 Average Rating 6 | 5 6 On Entrance 3 | . 7 Naked Turns . | . . Heaviest Build 14 | 11 14 Greatest Support 26 | 26 26 Greatest Overweight (x) 1 | . 1 Average Overweight (x) . | . . Largest Inventory Capacity 25 | 8 25 Average Capacity 7 | 7 8 Most Carried 7 | 5 7 Average Carried 5 | 3 5 Final Capacity 8 | 8 8 Final Carried 7 | 5 7 Class Distribution -------------------- 83% | Mutant 16% | Scavenger-Mutant Dominant Class ---------------- Mutant | -10/Materials Resources | -11 -10 ----------- Run | Yrd Mat Matter Collected 354 | 282 72 Remotely 217 | 217 . Salvage Created 283 | 109 174 Parts 21 | 7 14 Haulers Intercepted . | . . Recyclers Shooed 2 | . 2 Parts Field Recycled . | . . Retrieved Matter . | . . Parts Self-Destructed . | . . Prevented . | . . Kills | -11 -10 ------- Run | Yrd Mat Combat Hostiles Destroyed 4 | . 4 Guns 4 | . 4 Classes Destroyed 5 | 2 3 Tunneler 2 | 2 . Recycler 1 | 1 . Watcher 1 | . 1 Swarmer 1 | . 1 Grunt 3 | . 3 Best Kill Streak 3 | 3 2 Combat Bots Only 1 | . 1 Max Kills in Single Turn 1 | 1 1 Gunslinging . | . . Exploded . | . . Melee . | . . Uniques/NPCs Destroyed . | . . Combat | -11 -10 -------- Run | Yrd Mat Hostile Shots Fired 94 | . 94 Missed 32 | . 32 Damage Taken 782 | 4 778 Core 256 | . 256 Absorbed by Shields . | . . Core Remaining (%) 100 | 100 . Volleys Fired 41 | 12 29 Largest 2 | 2 2 Hottest 105 | 60 105 Shots Fired 71 | 24 47 Gun 71 | 24 47 Cannon . | . . Launcher . | . . Special . | . . Kinetic 27 | 12 15 Thermal 37 | 12 25 Explosive . | . . Electromagnetic 7 | . 7 Robot Hit Streak 6 | 4 6 Robot Miss Streak 3 | 3 3 Penetration Max . | . . Secondary Targets 1 | . 1 Max Gunslinging Chain 1 | . 1 Shots Hit Robots 43 | 14 29 Core Hits 17 | 5 12 Critical Kills . | . . Critical Parts Destroyed . | . . Critical Strikes . | . . Melee Attacks . | . . Impact . | . . Slashing . | . . Piercing . | . . Sneak Attacks . | . . Combat Hostiles . | . . Follow-up Attacks . | . . Damage Inflicted 534 | 139 395 Guns 471 | 130 341 Cannons . | . . Explosions 53 | . 53 Melee . | . . Ramming 10 | 9 1 Kinetic 112 | 43 69 Thermal 330 | 87 243 Explosive . | . . Electromagnetic 82 | . 82 Impact . | . . Slashing . | . . Piercing . | . . Highest Corruption . | . . Average Corruption . | . . Corruption Purged . | . . Corruption Blocked . | . . Overload Shots . | . . Overflow Damage . | . . Projectiles . | . . Explosions . | . . Melee . | . . Knockbacks . | . . Impact . | . . Kinetic . | . . Secondary . | . . Self-Inflicted Damage 54 | 4 50 Shots 1 | . 1 Rammed 2 | 1 1 Targets Rammed 2 | 1 1 Kicked . | . . Crushed . | . . Highest Temperature 175 | 40 175 Average Temperature 66 | 14 82 Received Heat Transfer 327 | . 327 Siege Activations . | . . Robots Corrupted . | . . Combat Hostiles . | . . Parts Fried . | . . Impact Corruptions . | . . Robots Melted . | . . Combat Hostiles . | . . Parts Melted . | . . Heat Transferred 687 | 200 487 Parts Sabotaged . | . . Parts Stolen . | . . Parts Stripped . | . . Power Chain Reactions 1 | . 1 Alert | -11 -10 ------- Run | Yrd Mat Peak Influence 117 | 15 117 Initial 9 | . 9 Average 23 | 6 30 Maximum Alert Level . | . . Low Security (%) 100 | 100 100 Level 1 . | . . Level 2 . | . . Level 3 . | . . Level 4 . | . . Level 5 . | . . High Security . | . . Max Security . | . . Squads Dispatched 1 | . 1 Investigation 1 | . 1 Extermination . | . . Reinforcement . | . . Assault . | . . Garrison . | . . Intercept . | . . Searches Triggered . | . . Construction Impeded . | . . Haulers Reinforced . | . . Active Scanning Responses . | . . Cargo Convoy Interrupts . | . . Stealth | -11 -10 --------- Run | Yrd Mat Distress Signals 1 | . 1 Communications Jammed . | . . Distress Signals . | . . Times Spotted 15 | . 15 Peak Tracking Total 5 | . 5 Tactical Retreats 1 | . 1 Traps | -11 -10 ------- Run | Yrd Mat Traps Triggered 1 | . 1 Indirectly . | . . Trap Hack Attempts . | . . Triggered . | . . Disarmed . | . . Reprogrammed . | . . Reused . | . . Traps Extracted . | . . Installed . | . . Triggered . | . . Machines | -11 -10 ---------- Run | Yrd Mat Machines Disabled 2 | . 2 Max in Single Turn 2 | . 2 Machines Repaired . | . . Machines Dismantled . | . . Machines Sabotaged . | . . Overloaded Fab Kills . | . . Hacking | -11 -10 --------- Run | Yrd Mat Machines Accessed 2 | . 2 Terminals 2 | . 2 Fabricators . | . . Repair Stations . | . . Recycling Units . | . . Scanalyzers . | . . Garrison Access . | . . Total Hacks 2 | . 2 Successful 2 | . 2 Failed . | . . Catastrophic . | . . Database Lockouts . | . . Manual 3 | . 3 Terminals 2 | . 2 Fabricators . | . . Repair Stations . | . . Recycling Units . | . . Scanalyzers . | . . Garrison Access . | . . Terminal Hacks . | . . Fabricator Hacks . | . . Repair Station Hacks . | . . Recycling Unit Hacks . | . . Scanalyzer . | . . Garrison Access Hacks . | . . Unauthorized Hacks 2 | . 2 Terminals 2 | . 2 Skim 2 | . 2 Fabricators . | . . Repair Stations . | . . Recycling Units . | . . Scanalyzers . | . . Garrison Access . | . . Data Cores Recovered . | . . Used . | . . Hacking Detections 1 | . 1 Full Trace Events . | . . Feedback Events . | . . Feedback Blocked . | . . Robot Schematics Acquired . | . . Robots Built . | . . Authchips . | . . Time . | . . Total Robot Build Rating . | . . Part Schematics Acquired . | . . Parts Built . | . . Authchips . | . . Time . | . . Total Part Build Rating . | . . Parts Repaired . | . . Time . | . . Parts Recycled . | . . Recycled Matter . | . . Retrieved Matter . | . . Retrieved Components . | . . Parts Scanalyzed . | . . Part Schematics Acquired . | . . Parts Damaged . | . . Bothacking | -11 -10 ------------ Run | Yrd Mat Used RIF Installer . | . . Robots Hacked . | . . Non-combat . | . . Combat . | . . Robot Hacks Applied . | . . Relay Couplers Released . | . . Fabnet Peak Effective % . | . . Robots Rewired . | . . Allies Hacked . | . . Hacks Repelled . | . . Allies | -11 -10 -------- Run | Yrd Mat Total Allies . | . . Largest Group . | . . Highest-Rated Group . | . . Highest-Rated Ally . | . . Total Orders . | . . Ally Attacks . | . . Total Damage . | . . Kills . | . . Allies Corrupted . | . . Allies Melted . | . . Intel | -11 -10 ------- Run | Yrd Mat Robot Analysis Total . | . . Derelict Logs Recovered . | . . Drone Launches . | . . Drone Recoveries . | . . Exploration | -11 -10 ------------- Run | Yrd Mat Turns Passed 328 | 100 228 Spaces Moved 192 | 55 137 Core 3 | 3 . Treads . | . . Legs 18 | . 18 Wheels 171 | 52 119 Hover . | . . Flight . | . . Fastest Speed 50 | 50 90 Average Speed 96 | 88 99 Slowest Speed 190 | 100 190 Overloaded Moves . | . . Propulsion Burnouts . | . . Robots Hopped . | . . Cave-ins Triggered . | . . Exploration Rate (%) 18 | 4 33 Regions Visited 1 Branch Regions . Pre-discovered Areas . | . . Known Exits Taken . | . . Unknown Exits Taken 1 | 1 . Scrap Searched . | . . Spaces Dug . | . . Terrain Destroyed 1 | . 1 Melee . | . . Projectile . | . . AOE 1 | . 1 Terrain Rammed . | . . Walls Destroyed . | . . Machines Disabled . | . . Actions | -11 -10 --------- Run | Yrd Mat Total 260 | 80 180 Wait 4 | . 4 Move 192 | 55 137 Hop . | . . Pick Up 5 | 5 . Fast Attach 11 | 7 4 Attach 1 | . 1 Detach . | . . Swap 5 | 1 4 Drop . | . . Fire 41 | 12 29 Melee . | . . Ram 1 | . 1 Kick . | . . Crush . | . . Escape Stasis . | . . Rewire . | . . Trap . | . . Miscellaneous . | . . Route ------- -11/Scrapyard -10/Materials History --------- Turn | Location | Event 25 | -11/Scrapyard | Discovered new exit (range 16) 101 | -11/Scrapyard | Entered Materials 240 | -10/Materials | Core integrity fell below 50% 260 | -10/Materials | Core integrity fell below 20% 298 | -10/Materials | Lost 6 parts (1p1n1u3w) 329 | -10/Materials | Destroyed by S-10 Pest with Light Assault Rifle Last Messages --------------- 00272_ Slammed into U-05 Engineer. 00272_ U-05 Engineer lays Concrete. 00276_ Acquired Particle Gun. 00277_ U-05 Engineer builds a Wall. 00277_ Acquired 10 matter. 00280_ Acquired Aluminum Leg. 00290_ R-06 Scavenger collects Heat Sink. 00291_ Acquired 30 matter. 00294_ Acquired Ion Engine. 00295_ R-06 Scavenger collects Aluminum Leg. 00298_ R-06 Scavenger collects Corrupted Imp. Heat Sink. 00314_ S-10 Pest destroyed. 00319_ R-06 Scavenger collects Lgt. Ion Engine. 00321_ Com. Wheel destroyed. 00323_ K-01 Serf collects debris. 00326_ R-06 Scavenger collects Lgt. Assault Rifle. 00326_ K-01 Serf cleans the Matter Filter. 00327_ Sml. Laser destroyed. Map ----- +----------------------------------------------------+ | ??????????????????????????????# #??# # """ | | ??????????????????????????????# #??# # "T" | | ??????????????????????????????# #### # | | ??????????????????????????????# # | | ??????????????????????????????# + | | ??????????????????????????????# # """ | | ?????????????????????########### # """ | | ?????????????????????# # """ | | ?????????????????????# # | | ?????????????????????# ####"Y"## | | ?????????????????????# """"" """ #??#"""#? | | ?????????????????????# """"" """ #??#####? | | ?????????????????????# """"" """ #???????? | | ?????????????????????# """"" t """ #???????? | | ????????????#????????# """"" """ #???????? | | ????????????# ??????# """"" % #???????? | | ???????????## ?????# """"" #???????? | | ???????????# ##### k """ #???????? | | ???????????# r """ #???????? | | ???????????# =! """ #???????? | | ???????????# !! """ #???????? | | ???????????# ! ##### " #???????? | | ???????????####??????# % # ???? | | ?????????????????????# % % + ?? | | ?????????????????????# % " #???????? | | ????????????????###### @###### " #???????? | | ?????????# t r #???## " " #???????? | | ?????????????###########/#####?# """ #???????? | | ???????????????????# % #?# """ #???????? | | ???????????????????# #?# #???????? | | ???????????????????# #?# ^ #???????? | | ???????????????????# #?# """ #???????? | | ???????????????????# s #?# """ #???????? | | ???????????????????#s [ #?# """ ? #???????? | | ???????????????????+ #?#^ ""??? ?????????? | | ?????????????????? # #?# "??????????????? | | ????????????????? ###########?# ??????????????? | | ?????????????????"?????????????# ??????????????? | | ????????????????"??????????????? ??????????????? | | ???????????????????????????????? ??????????????? | | ???????????????????????????????? ??????????????? | | ?????????????????????????????????????????????????? | | ?????????????????????????????????????????????????? | | ?????????????????????????????????????????????????? | | ?????????????????????????????????????????????????? | | ?????????????????????????????????????????????????? | | ?????????????????????????????????????????????????? | | ?????????????????????????????????????????????????? | | ?????????????????????????????????????????????????? | | ?????????????????????????????????????????????????? | +----------------------------------------------------+ Best States ------------- Heat Dissipation 25 Energy Generation 10 Energy Capacity 250 Matter Stores 300 Matter Capacity 300 Sight Range 16 Terrain Scan Density 10 Evasion (%) 42 Item Schematics ----------------- None Robot Schematics ------------------ None Fabricated ------------ Nothing Alien Tech Used ----------------- None Achievements -------------- None Challenges ------------ None Game ------ Seed HeatExpertThruster Manual? 0 Play Time 00:06:26 Cumulative 37.0 hours Start 2024.09.11 @ 02:31:47 End 2024.09.11 @ 02:35:28 Sessions 1 Manual Loads 0 Difficulty Rogue Special Mode None Game No. 43 Rogue 43 Adventurer 0 Explorer 0 Win Type - Total 0 Types 0/0/0/0/0/0/0/0/0 Lore% 18 Gallery% 39 Achievement% 26 Wizard Run 0 Options --------- Layout 2 ASCII 0 Keyboard 1 Movement Numpad Keybinds 0 Fullscreen 2 Font 24/Smallcaps Map View 50x44 Zoom Use 0% Tactical HUD 1 Map Filters NONE Filters LOW_CONTRAST(5,20,15) Steam 1 RUN: 0e91cd1f-4c14-4afa-856b-cdd3551420b5